 Dungeon Crawl Stone Soup version 0.30.0-29-ga12c61a403 (webtiles) character file.

Game seed: 897480363251757417

265773 Gorgondantess the Convoker (level 20, -6/103 HPs)
             Began as a Tengu Air Elementalist on June 16, 2023.
             Was the Champion of Hepliaklqana.
             Killed by an exploding ball lightning (8 damage)
             ... on level 2 of the Elven Halls on June 18, 2023.
             The game lasted 02:48:18 (45964 turns).

Gorgondantess the Convoker (TeAE)                  Turns: 45964, Time: 02:48:19

Health: -6/103     AC: 23    Str: 11    XL:     20   Next: 8%
Magic:  2/37       EV: 20    Int: 32    God:    Hepliaklqana [******]
Gold:   1167       SH:  8    Dex: 19    Spells: 2/43 levels left

rFire   + . .        Q - staff of air
rCold   + . .        z - +2 buckler {rN+}
rNeg    + . .        W - +5 ring mail of the Rose {Regen+ rCorr Int+2}
rPois   .            (helmet restricted)
rElec   +            X - +2 cloak of Ithosmuer {Str+2}
rCorr   +            G - +2 pair of gloves
SInv    .            (boots unavailable)
Will    ++++.        C - amulet "Qymuigh" {Acrobat Drain rF+ Will+}
Stlth   +++          q - ring "Ecaps" {*Slow rC+ Will++ Int+6 Dex+4}
HPRegen 1.17/turn    B - +4 ring of protection
MPRegen 0.25/turn

%: slow self (1%), acrobat
@: flying quickly and evasively, slowed, very slow
A: reduced essence, beak, talons 3, nimble flight
}: 2/15 runes: decaying, serpentine
a: Renounce Religion, Recall Ancestor, Ancestor Identity, Transference, Idealise


You were on level 2 of the Elven Halls.
You worshipped Hepliaklqana.
Hepliaklqana was exalted by your worship.
You visited 7 branches of the dungeon, and saw 33 of its levels.
You also visited: Trove, Sewer, Ossuary and Ice Cave.

You collected 3335 gold pieces.
You spent 2168 gold pieces at shops.

Inventory:

Hand Weapons
 c - the +5 hand axe "Icufassio" {protect, rElec rF+++ Will- Stlth-}
   (You found it in a treasure trove)

   rF:        It renders you almost immune to fire.
   rElec:     It insulates you from electricity.
   Will:      It decreases your willpower.
   Stlth:     It makes you less stealthy.
 j - the +6 hand axe of Xuaduabi {freeze, rElec rC+ Str+4 SInv Stlth-}
   (You found it in a treasure trove)

   Str:       It affects your strength (+4).
   rC:        It protects you from cold.
   rElec:     It insulates you from electricity.
   SInv:      It lets you see invisible.
   Stlth:     It makes you less stealthy.
 l - the +5 hammer of the Sugar Beet {freeze, rN+}
   (You found it on level 7 of the Dungeon)

   rN:        It protects you from negative energy.
 P - the +6 rapier "Vecomnuch" {flame, Fly rElec rF+}
   (You found it on level 4 of the Lair of Beasts)

   rF:        It protects you from fire.
   rElec:     It insulates you from electricity.
   Fly:       It grants you flight.
 V - the +12 dagger "Jaist" {heavy, MP+9 Str+2}
   (You found it on level 8 of the Dungeon)

   Str:       It affects your strength (+2).
   MP:        It affects your magic capacity (+9).
Armour
 m - +0 swamp dragon scales
 z - a +2 buckler of positive energy (worn)
 G - a +2 pair of gloves (worn)
 J - a +1 buckler of protection
 W - the +5 ring mail of the Rose (worn) {Regen+ rCorr Int+2}
   (You found it on level 8 of the Dungeon)

   Int:       It affects your intelligence (+2).
   Regen:     It increases your rate of health regeneration.
   rCorr:     It protects you from acid and corrosion.
 X - the +2 cloak of Ithosmuer (worn) {Str+2}
   (You found it on level 8 of the Dungeon)

   Str:       It affects your strength (+2).
Magical Staves
 Q - a staff of air (weapon)
Jewellery
 q - the ring "Ecaps" (left hand) {*Slow rC+ Will++ Int+6 Dex+4}
   (You found it in an ice cave)

   [ring of intelligence]

   Int:       It affects your intelligence (+6).
   Dex:       It affects your dexterity (+4).
   rC:        It protects you from cold.
   *Slow:     It may slow you when you take damage.
   Will:      It greatly increases your willpower.
 s - a ring of fire
 v - a ring of protection from fire
 y - a ring of protection from cold
 B - a +4 ring of protection (right hand)
 C - the amulet "Qymuigh" (around neck) {Acrobat Drain rF+ Will+}
   (You found it in an ice cave)

   [amulet of the acrobat]

   It increases your evasion while moving and waiting.
   rF:        It protects you from fire.
   Drain:     It drains your maximum health when unequipped.
   Will:      It increases your willpower.
 K - a ring of wizardry
 Y - a +5 ring of evasion
Wands
 w - a wand of digging (14)
 E - a wand of paralysis (15)
 F - a wand of flame (68)
 N - a wand of quicksilver (19)
 T - a wand of roots (25)
 Z - a wand of mindburst (18)
Scrolls
 e - 2 scrolls of fear
 h - 6 scrolls of poison
 p - 3 scrolls of torment
 t - 5 scrolls of blinking
 D - a scroll of brand weapon
 I - 5 scrolls of amnesia
 L - a scroll of butterflies
 M - a scroll of teleportation
 O - a scroll of enchant weapon
 R - 5 scrolls of magic mapping
 S - 2 scrolls of silence
 U - 5 scrolls of fog
Potions
 a - 4 potions of berserk rage
 b - 4 potions of magic
 f - 10 potions of brilliance
 g - 5 potions of ambrosia
 i - 13 potions of curing
 k - 7 potions of haste
 n - 13 potions of might
 o - 7 potions of heal wounds
 r - 4 potions of invisibility
 x - 5 potions of cancellation
 A - 6 potions of lignification
 H - 4 potions of resistance
Miscellaneous
 u - a phial of floods


   Skills:
 - Level 9.1 Fighting
 - Level 5.2 Short Blades
 - Level 6.1 Staves
 - Level 11.0 Armour
 - Level 11.7 Dodging
 - Level 5.6 Stealth
 - Level 7.0 Shields
 - Level 12.0 Spellcasting
 - Level 15.3 Conjurations
 + Level 18.7 Summonings
 - Level 4.0 Translocations
 - Level 10.4 Fire Magic
 - Level 18.5 Air Magic
 - Level 5.0 Invocations
 - Level 6.2 Evocations


You had 2 spell levels left.
You knew the following spells:

 Your Spells              Type           Power      Damage    Failure   Level
a - Shock                 Conj/Air       100%       1d9       0%          1
b - Static Discharge      Conj/Air       100%       2-7/arc   0%          2
c - Iskenderun's Mystic   Conj/Tloc      69%        2d14      1%          4
d - Airstrike             Air            59%        2d(9-25)  1%          4
e - Summon Lightning Spi  Summ/Air       100%       N/A       1%          4
f - Conjure Ball Lightni  Conj/Air       56%        3x3d20    1%          6
g - Summon Cactus Giant   Summ           47%        N/A       1%          6
h - Plasma Beam           Fire/Air       53%        2x1d74    2%          6
i - Summon Horrible Thin  Summ           47%        N/A       21%         8

Your spell library contained the following spells:

 Spells                   Type           Power      Damage    Failure   Level
 Foxfire                  Conj/Fire      100%       2x1d9     1%          1
 Scorch                   Fire           100%       2d9       1%          2
 Beastly Appendage        Tmut           38%        N/A       6%          1
 Ensorcelled Hibernation  Hex/Ice        38%        N/A       10%         2
 Wereblood                Tmut           19%        N/A       10%         2
 Swiftness                Air            100%       N/A       0%          3
 Dazzling Flash           Conj/Hex       100%       N/A       1%          3
 Stone Arrow              Conj/Erth      100%       3d13      1%          3
 Volatile Blastmotes      Fire/Tloc      100%       2d18      1%          3
 Animate Armour           Summ/Erth      100%       N/A       1%          4
 Flame Wave               Conj/Fire      80%        2d17      1%          4
 Fireball                 Conj/Fire      40%        3d16      1%          5
 Fulminant Prism          Conj/Hex       31%        3d15      2%          4
 Gell's Gravitas          Tloc           44%        N/A       3%          3
 Teleport Other           Tloc           44%        N/A       3%          3
 Silence                  Hex/Air        43%        N/A       4%          5
 Starburst                Conj/Fire      40%        6d11      4%          6
 Ozocubu's Armour         Ice            19%        N/A       19%         3
 Spider Form              Tmut/Pois      19%        N/A       19%         3
 Iron Shot                Conj/Erth      31%        9d6       38%         6
 Malign Gateway           Summ/Tloc      37%        N/A       45%         7
 Anguish                  Hex/Necr       9%         N/A       54%         4
 Cause Fear               Hex            9%         N/A       54%         4
 Leda's Liquefaction      Hex/Erth       9%         N/A       54%         4
 Petrify                  Tmut/Erth      19%        N/A       54%         4
 Agony                    Necr           19%        N/A       87%         5
 Blade Hands              Tmut           9%         N/A       87%         5
 Lee's Rapid Deconstruct  Erth           9%         3d7*      87%         5
 Metabolic Englaciation   Hex/Ice        9%         N/A       87%         5
 Dispersal                Tloc           22%        N/A       88%         6
 Dragon's Call            Summ           47%        N/A       97%         9
 Simulacrum               Ice/Necr       9%         N/A       100%        6
 Statue Form              Tmut/Erth      12%        N/A       100%        6
 Dragon Form              Tmut           9%         N/A       100%        7
 Ozocubu's Refrigeration  Ice            9%         4d9       100%        7
 Discord                  Hex            9%         N/A       100%        8
 Disjunction              Tloc           22%        N/A       100%        8
 Lehudib's Crystal Spear  Conj/Erth      31%        10d8      100%        8


Dungeon Overview and Level Annotations

Branches:
Dungeon (15/15)            Temple (1/1) D:6            Lair (5/5) D:11
  Swamp (4/4) Lair:2        Snake (4/4) Lair:2        Slime (0/5) Lair:4
    Orc (2/2) D:9             Elf (2/3) Orc:2        Vaults (0/5) D:14
 Depths (0/4) D:15          Sewer (visited)         Ossuary (visited)
  IceCv (visited)

Altars:
Ashenzari
Cheibriados
Dithmenos
Elyvilon
Fedhas
Gozag
Hepliaklqana
Kikubaaqudgha
Makhleb
Nemelex Xobeh
Okawaru
Qazlal
Ru
Sif Muna
Trog
Uskayaw
Vehumet
Wu Jian
Xom
Yredelemnul
Zin
The Shining One
Jiyva
Lugonu

Shops:
D:8 *   D:9 !   Orc:2 ((:?[   Elf:1 [   Snake:1 ::   Snake:2 !!=!   Snake:4 =::

Portals:
Abyss: Snake:4

Annotations:
Snake:2 2 transporters, Smee's ghost, adept MiFi
Elf:2 3 runed translucent doors, rrossfarrar's ghost, adept FeBe


Innate Abilities, Weirdness & Mutations

Your life essence is reduced to manifest your ancestor. (-10% HP)
You have a beak for a mouth.
You have claws for feet.
Your magical nature lets you fly swiftly and evasively.


Message History

3 ball lightnings come into view.
You hear some strange, mumbled words.
A lance of force appears from out of thin air!
You block the lance of force.
The +5 glaive of freezing hits you from afar!!
The +5 glaive of freezing freezes you. Something hits you but does no damage.
The +5 glaive of freezing hits you from afar!!
* * * LOW HITPOINT WARNING * * *
The +5 glaive of freezing freezes you.
* * * LOW HITPOINT WARNING * * *
Something misses you.
You feel much better.
Your ball lightning explodes!
The blast of lightning engulfs something!!
Reactivating autopickup.
You feel a bit more experienced.
The blast of lightning engulfs something!!!
You feel a bit more experienced.
The blast of lightning engulfs the +5 glaive of freezing.
The +5 glaive of freezing completely resists.
The blast of lightning engulfs your ball lightning.
Your ball lightning completely resists.
The blast of lightning engulfs you. You resist.
The blast of lightning engulfs your ball lightning.
Your ball lightning completely resists.
Your ball lightning explodes!
The blast of lightning engulfs you! You resist.
* * * LOW HITPOINT WARNING * * *
The blast of lightning engulfs your ball lightning.
Your ball lightning completely resists.
The blast of lightning engulfs the +5 glaive of freezing.
The +5 glaive of freezing completely resists.
The +5 glaive of freezing hits you from afar!!
* * * LOW HITPOINT WARNING * * *
The +5 glaive of freezing freezes you.
* * * LOW HITPOINT WARNING * * *
A deep elf pyromancer comes into view.
It is wielding a +3 long sword of electrocution.
Your ball lightning explodes!
The blast of lightning engulfs you! You resist.
You die...

.....##....## #.#....
..e.#..#....## #.#....
...#....#....#####......
..#......#)..##...###.##
.#........#..####R###.##
#..........#.# #.R.....
........(...## #####.## ..
.....§))....# #.## .....
.......@....## #... .....
#.....§....#)# ##.## ....#..
.#...§....#..# #...# ...#....
..#......#...# #...#
..#.........#....#....#### #...#
.#...........#..#....###.####...#
#.............##....## #.........
#.............##....## #.........
.#...........#..#....###.=.......


You could see a deep elf pyromancer and a +5 glaive of freezing.

Vanquished Creatures
  Vashnia (Snake:2)
  Nikola (Swamp:1)
  A deep elf blademaster (Elf:2)
  Frances (Elf:1)
  2 sphinxes (Elf:1)
  2 thorn hunters
  4 nagarajas
  Roxanne (Snake:1)
  A fenstrider witch (Swamp:3)
  Aizul (Snake:4)
  A ghoul (Lair:2)
  A deep elf demonologist (Elf:1)
  4 eleionomae
  3 bunyips
  An ettin (D:15)
  A deep elf death mage (Elf:1)
  2 shambling mangroves (Swamp:4)
  2 fire dragons
  Fannar (Orc:1)
  An ice dragon (IceCv)
  3 vault guards (D:14)
  16 hydras
  3 salamander tyrants
  6 centaur warriors
  4 two-headed ogres
  3 anacondas
  A boulder beetle (D:15)
  16 dancing weapons
  An alligator (Swamp:3)
  11 naga warriors
  7 naga sharpshooters
  A shock serpent (Snake:3)
  8 deep elf knights
  A skyshark (Lair:4)
  7 salamander mystics
  3 spriggan druids
  4 wizards
  A sea snake (Snake:4)
  5 bog bodies
  2 deep trolls (D:15)
  5 deep elf archers (Elf:1)
  6 orc knights
  2 swamp dragons
  4 naga ritualists
  17 deep elf pyromancers
  A lindwurm (Lair:5)
  6 mana vipers
  12 deep elf zephyrmancers
  A necromancer (D:15)
  2 harpies (Elf:1)
  6 orc sorcerers
  4 cyclopes
  5 manticores
  5 will-o-the-wisps
  11 ugly things
  An oklob plant (Lair:5)
  14 salamanders
  A moth of wrath (shapeshifter) (Elf:2)
  A water nymph (Swamp:2)
  20 black mambas
  3 gargoyles
  15 elephants
  4 guardian serpents
  8 cane toads
  20 naga magi
  2 molten gargoyles (Lair:5)
  An unseen horror (D:11)
  6 komodo dragons
  2 kobold demonologists
  4 rime drakes (IceCv)
  A tengu conjurer (D:14)
  A troll (D:12)
  5 polar bears
  5 tyrant leeches
  A bloated husk (Swamp:1)
  7 hornets
  9 blink frogs
  11 slime creatures
  5 air elementals
  50 yaks
  2 shadows
  5 basilisks
  5 spriggans
  5 wyverns
  A vampire (D:14)
  A wraith (D:9)
  A human (shapeshifter) (D:14)
  7 vampire mosquitoes
  A steam dragon (Lair:5)
  18 nagas
  7 swamp worms
  11 water moccasins
  Duvessa (D:6)
  17 orc warriors
  4 hell hounds
  7 swamp drakes
  2 ice beasts (D:5)
  6 black bears
  6 ogres
  23 centaurs
  A phantom (D:4)
  6 bullfrogs
  A necrophage (Swamp:1)
  A gnoll sergeant (D:8)
  An earth elemental (Elf:1)
  2 scorpions (D:5)
  2 water moccasin zombies (Ossuary)
  8 wights
  Dowan (D:6)
  4 killer bees (D:9)
  A lindwurm simulacrum (IceCv)
  2 komodo dragon simulacra (IceCv)
  5 lava snakes
  A jelly (D:8)
  15 orc priests
  Crazy Yiuf (D:7)
  14 orc wizards
  2 sleepcaps
  4 iguanas
  2 mummies (Ossuary)
  11 gnolls
  4 acid dragon simulacra (IceCv)
  12 adders
  A shadow imp (D:6)
  2 white imps (D:5)
  3 steam dragon simulacra (IceCv)
  An ufetubus (D:6)
  6 adder zombies (Ossuary)
  2 dart slugs (D:2)
  58 orcs
  11 ball pythons
  5 bats
  8 endoplasms
  12 giant cockroaches
  10 goblins
  8 hobgoblins
  3 jackals (D:1)
  8 quokkas
  19 frilled lizards
  5 gnoll zombies (Ossuary)
  8 hobgoblin zombies (Ossuary)
  6 kobolds
  7 kobold zombies (Ossuary)
  An orc zombie (Ossuary)
  5 rats
  A butterfly (Lair:5)
  A lurking horror (Snake:4)
841 creatures vanquished.

Vanquished Creatures (collateral kills)
  Jorgrun (Snake:1)
  Mlioglotl (Swamp:4)
  3 nagarajas (Snake:4)
  A ghoul (Lair:2)
  2 eleionomae (Swamp:2)
  6 bunyips
  A shambling mangrove (Swamp:4)
  3 salamander tyrants (Snake:4)
  7 hydras
  A vault guard (D:14)
  A ghost crab (Swamp:2)
  7 anacondas
  5 dancing weapons (Elf:2)
  A two-headed ogre (D:9)
  4 boulder beetles
  3 naga warriors
  2 tengu warriors (D:14)
  3 naga sharpshooters
  2 shock serpents (Snake:3)
  2 spriggans
  11 deep elf knights
  2 skysharks
  2 goliath frogs
  4 salamander mystics
  4 swamp dragons
  A deep troll (D:15)
  A naga ritualist (Snake:2)
  An orc knight (D:15)
  An orange crystal statue (D:11)
  2 deep elf archers (Elf:1)
  A wizard (D:13)
  9 deep elf pyromancers
  5 ugly things
  3 mana vipers
  A manticore (D:11)
  5 deep elf zephyrmancers
  A cyclops (D:14)
  11 salamanders
  9 elephants
  2 ice statues (IceCv)
  20 black mambas
  A water nymph (Swamp:2)
  4 naga magi (Snake:4)
  A torpor snail (Lair:4)
  A molten gargoyle (Lair:5)
  6 cane toads
  An unseen horror (D:11)
  6 komodo dragons
  3 tyrant leeches
  2 trolls
  10 blink frogs
  5 hornets
  An air elemental (Elf:1)
  8 slime creatures
  2 water elementals
  A fire elemental (Elf:1)
  38 yaks
  A wraith (D:9)
  A steam dragon (Lair:5)
  3 vampire mosquitoes
  A swamp worm (Swamp:3)
  11 nagas
  3 water moccasins
  3 hell hounds (Lair:5)
  19 orc warriors
  2 swamp drakes
  2 ogres
  A centaur (D:11)
  2 earth elementals
  4 bullfrogs
  4 lindwurm simulacra (IceCv)
  2 electric eels (Snake:4)
  A lava snake (Lair:5)
  2 jellies (Lair:4)
  2 komodo dragon simulacra (IceCv)
  2 orc priests (Orc:1)
  A sleepcap (D:6)
  2 iguanas (Lair:2)
  A hell rat (Elf:1)
  5 orc wizards
  A gnoll (D:6)
  3 acid dragon simulacra (IceCv)
  2 steam dragon simulacra (IceCv)
  19 orcs
  2 endoplasms (Lair:4)
  3 ball lightnings
347 creatures vanquished.

Vanquished Creatures (others)
  A deep elf knight (Elf:2)
  A salamander (Snake:2)
  53 battlemagi
  An ancestor (D:6)
  133 ball lightnings
  12 foxfires
201 creatures vanquished.

Grand Total: 1389 creatures vanquished

Notes
Turn   | Place    | Note
-------+----------+-------------------------------------------
     0 | D:1      | Gorgondantess the Tengu Air Elementalist began the quest
                  | for the Orb.
     0 | D:1      | Reached XP level 1. HP: 10/10 MP: 4/4
   318 | D:1      | Reached XP level 2. HP: 14/15 MP: 1/6
   389 | D:1      | Learned a level 2 spell: Static Discharge
   770 | D:1      | Reached XP level 3. HP: 19/19 MP: 5/7
  1504 | D:2      | Reached skill level 5 in Air Magic
  1886 | D:2      | Learned a level 3 spell: Swiftness
  1960 | D:2      | Reached XP level 4. HP: 24/24 MP: 8/8
  2255 | D:3      | Found a shimmering altar of Xom.
  2322 | D:3      | Found a shimmering altar of Xom.
  2324 | D:3      | Found a shimmering altar of Xom.
  2325 | D:3      | Found a shimmering altar of Xom.
  2325 | D:3      | Found a shimmering altar of Xom.
  2327 | D:3      | Found a shimmering altar of Xom.
  2327 | D:3      | Found a shimmering altar of Xom.
  2459 | D:3      | Gained mutation: Your magical nature lets you fly swiftly
                  | and evasively. [Tengu growth]
  2459 | D:3      | Reached XP level 5. HP: 28/28 MP: 10/10
  2799 | D:3      | Found an opulent altar of Gozag.
  2817 | D:3      | Identified the +9 short sword of Satyriasis {protect,
                  | rElec}
  3139 | D:4      | Noticed a phantom
  3205 | D:4      | Reached XP level 6. HP: 14/32 MP: 7/12
  3277 | D:4      | Reached skill level 5 in Conjurations
  3335 | D:4      | Noticed a black bear
  3342 | D:4      | Killed a black bear
  3345 | D:4      | Reached XP level 7. HP: 30/36 MP: 4/14
  3380 | D:4      | Found a sand-covered staircase.
  3451 | Ossuary  | Entered an ossuary
  3903 | D:4      | Reached skill level 1 in Short Blades
  3912 | D:4      | Learned a level 4 spell: Airstrike
  4043 | D:4      | Found a stormy altar of Qazlal.
  4044 | D:4      | Found a hazy altar of Hepliaklqana.
  4044 | D:4      | Found a snail-covered altar of Cheibriados.
  4133 | D:4      | Became a worshipper of Hepliaklqana the Forgotten
  4371 | D:5      | Entered Level 5 of the Dungeon
  4402 | D:5      | Found an ancient bone altar of Kikubaaqudgha.
  4412 | D:5      | Reached XP level 8. HP: 41/41 MP: 11/16
  4425 | D:5      | Found a glowing drain.
  4513 | Sewer    | Entered a sewer
  4888 | D:5      | Reached skill level 5 in Spellcasting
  5151 | D:5      | Reached skill level 1 in Fighting
  5284 | D:5      | Reached XP level 9. HP: 47/47 MP: 17/17
  5728 | D:6      | Found a staircase to the Ecumenical Temple.
  5821 | D:6      | Reached * piety under Hepliaklqana
  5841 | Temple   | Entered the Ecumenical Temple
  6030 | D:6      | Reached skill level 10 in Air Magic
  6055 | D:5      | Reached skill level 5 in Dodging
  6662 | D:6      | Noticed Duvessa
  6662 | D:6      | Noticed Dowan
  6665 | D:6      | Killed Dowan
  6672 | D:6      | Killed Duvessa
  7205 | D:7      | Reached skill level 1 in Armour
  7208 | D:7      | Reached XP level 10. HP: 45/47 MP: 17/18
  7524 | D:7      | Reached ** piety under Hepliaklqana
  7525 | D:7      | Remembered your ancestor Edmée as a battlemage
  7987 | D:7      | Found a runed translucent door.
  7988 | D:7      | Noticed Crazy Yiuf
  7990 | D:7      | Identified the +5 hammer of the Sugar Beet {freeze, rN+}
  8004 | D:7      | Killed Crazy Yiuf
  8098 | D:8      | Identified the +12 dagger "Jaist" {heavy, MP+9 Str+2}
  8395 | D:8      | Noticed a gargoyle
  8413 | D:8      | Killed a gargoyle
  8960 | D:8      | Identified the +5 ring mail of the Rose {Regen+ rCorr
                  | Int+2}
  8979 | D:8      | Identified the +2 cloak of Ithosmuer {Str+2}
  9106 | D:8      | Found Hyxeivecau's General Store.
  9322 | D:8      | Bought 2 potions of attraction for 72 gold pieces
  9322 | D:8      | Bought a potion of invisibility for 96 gold pieces
  9382 | D:9      | Found a staircase to the Orcish Mines.
  9556 | D:9      | Reached XP level 11. HP: 52/52 MP: 22/22
  9645 | D:9      | Found a sparkling altar of Nemelex Xobeh.
  9666 | D:9      | Reached *** piety under Hepliaklqana
  9707 | D:9      | Found Wuluel's Distillery.
  9715 | D:9      | Bought a potion of mutation for 96 gold pieces
  9715 | D:9      | Bought a potion of flight for 36 gold pieces
  9720 | D:9      | Noticed a two-headed ogre
  9724 | D:9      | Killed a two-headed ogre
  9937 | D:9      | Noticed a wizard
  9941 | D:9      | Killed a wizard
  9974 | D:9      | Noticed a red ugly thing
  9978 | D:9      | Killed a red ugly thing
 10028 | D:9      | Noticed a two-headed ogre
 10034 | D:9      | Killed a two-headed ogre
 10272 | D:10     | Entered Level 10 of the Dungeon
 10361 | D:10     | Found a shimmering blue altar of Sif Muna.
 10361 | D:10     | Found a white marble altar of Elyvilon.
 10402 | D:10     | Learned a level 4 spell: Iskenderun's Mystic Blast
 10709 | D:10     | Reached skill level 1 in Translocations
 10956 | D:10     | Reached **** piety under Hepliaklqana
 11102 | D:10     | Found an ornate altar of the Wu Jian Council.
 11459 | D:10     | Found a portal to a secret trove of treasure.
 11674 | D:11     | Reached skill level 1 in Invocations
 11760 | D:11     | Reached skill level 10 in Conjurations
 11978 | D:11     | Noticed a manticore
 11980 | D:11     | Noticed an orange crystal statue
 11987 | D:11     | Killed a manticore
 12034 | D:11     | Noticed a cyclops
 12076 | D:11     | Killed a cyclops
 12077 | D:11     | Reached XP level 12. HP: 60/60 MP: 20/25
 12178 | D:11     | Identified the +5 ring mail of Beastly Curiosity {Str+5}
 12312 | D:11     | Noticed a centaur warrior
 12315 | D:11     | Killed a centaur warrior
 12582 | D:11     | Reached skill level 1 in Staves
 12689 | D:11     | Found a staircase to the Lair.
 12696 | D:11     | Reached skill level 1 in Evocations
 12998 | D:11     | Noticed a two-headed ogre
 13001 | D:11     | Killed a two-headed ogre
 13002 | D:11     | Reached skill level 5 in Armour
 13054 | D:11     | Found a blossoming altar of Fedhas.
 13254 | Lair:1   | Entered Level 1 of the Lair of Beasts
 13367 | Lair:1   | Learned a level 4 spell: Summon Lightning Spire
 13551 | Lair:1   | Reached skill level 5 in Fighting
 13619 | Lair:1   | You are sucked into a shaft and drop 1 floor!
 13643 | Lair:2   | Reached skill level 1 in Summonings
 13711 | Lair:2   | Reached XP level 13. HP: 64/64 MP: 3/27
 13880 | Lair:2   | Reached skill level 10 in Spellcasting
 13936 | Lair:2   | Found a staircase to the Snake Pit.
 14085 | Lair:2   | Reached ***** piety under Hepliaklqana
 14332 | Lair:2   | Found a staircase to the Swamp.
 16393 | Lair:4   | Identified the +6 rapier "Vecomnuch" {flame, Fly rElec rF+}
 17041 | Lair:4   | Reached XP level 14. HP: 60/72 MP: 22/29
 17162 | Lair:4   | Reached ****** piety under Hepliaklqana
 17365 | Lair:4   | Reached skill level 5 in Staves
 17379 | Lair:4   | Reached skill level 5 in Invocations
 17482 | Lair:4   | Found a runed translucent door.
 17483 | Lair:4   | Found a viscous altar of Jiyva.
 17483 | Lair:4   | Found a staircase to the Slime Pits.
 17629 | Lair:5   | Entered Level 5 of the Lair of Beasts
 17799 | Lair:5   | Reached skill level 5 in Evocations
 18190 | Lair:5   | Reached skill level 5 in Summonings
 18328 | Lair:5   | Found a white marble altar of Elyvilon.
 18912 | Lair:5   | Found a large runed translucent door.
 18912 | Lair:5   | Found a large runed translucent door.
 19228 | Lair:5   | Identified the +0 scale mail "Gianosa" {Str+4 Int+3}
 19693 | Lair:1   | Identified the +0 ring mail of Qahul {rElec rF- rC- rCorr}
 20095 | Orc:1    | Entered Level 1 of the Orcish Mines
 20127 | Orc:1    | Noticed Fannar
 20181 | Orc:1    | Killed Fannar
 20283 | Orc:2    | Entered Level 2 of the Orcish Mines
 20395 | Orc:2    | Reached skill level 5 in Short Blades
 20484 | Orc:2    | Reached XP level 15. HP: 79/79 MP: 22/30
 20634 | Orc:1    | Reached skill level 10 in Dodging
 20954 | Orc:2    | Found a staircase to the Elven Halls.
 21297 | Orc:2    | Found Sapyil's Antique Armour Boutique.
 21394 | Orc:2    | Found Kesacw's Antique Weapon Emporium.
 21394 | Orc:2    | Found Jihu Zyi's Book Shop.
 21394 | Orc:2    | Found Ossot's Magic Scroll Boutique.
 21397 | Orc:2    | Found Vueweah's Antique Weapon Shoppe.
 21408 | Orc:2    | Bought a scroll of teleportation for 54 gold pieces
 21408 | Orc:2    | Bought a scroll of teleportation for 54 gold pieces
 21534 | Orc:2    | Bought a book of Chaos for 600 gold pieces
 21541 | Orc:2    | Learned a level 6 spell: Conjure Ball Lightning
 22140 | D:12     | Identified the +2 leather armour "Biafro" {rPois rCorr
                  | Int+2 Dex-2}
 22738 | D:13     | Identified the +10 quarterstaff "Bonarug" {antimagic,
                  | Int+3}
 22760 | D:13     | Reached skill level 15 in Air Magic
 22780 | D:13     | Found a frozen archway.
 22788 | IceCv    | Entered an ice cave
 23023 | IceCv    | Identified the ring "Ecaps" {*Slow rC+ Will++ Int+6 Dex+4}
 23170 | IceCv    | Identified the amulet "Qymuigh" {Acrobat Drain rF+ Will+}
 24288 | D:14     | Found a gate to the Vaults.
 24513 | D:14     | Identified the +7 great sword "Zazemic" {flame, rF+ rCorr
                  | Int+3}
 25149 | D:14     | Reached skill level 1 in Shields
 25243 | D:14     | Reached XP level 16. HP: 83/83 MP: 24/31
 25476 | D:15     | Entered Level 15 of the Dungeon
 26065 | D:15     | Found a staircase to the Depths.
 26089 | D:15     | Reached skill level 5 in Shields
 26688 | D:15     | Found an opulent altar of Gozag.
 27209 | Swamp:1  | Entered Level 1 of the Swamp
 27298 | Swamp:1  | Noticed a thorn hunter
 27301 | Swamp:1  | Killed a thorn hunter
 27924 | Swamp:1  | Noticed Nikola
 27935 | Swamp:1  | Killed Nikola
 29906 | Swamp:2  | Reached skill level 10 in Summonings
 30515 | Swamp:3  | Learned a level 6 spell: Summon Cactus Giant
 30547 | Swamp:3  | Noticed a fenstrider witch
 30813 | Swamp:3  | Reached XP level 17. HP: 52/87 MP: 9/32
 31120 | Swamp:3  | Paralysed by a fenstrider witch for 4 turns
 31504 | Swamp:4  | Entered Level 4 of the Swamp
 31674 | Swamp:4  | Noticed Mlioglotl
 31768 | Swamp:4  | Noticed a tentacled starspawn
 31773 | Swamp:4  | Killed Mlioglotl
 32120 | Swamp:4  | Reached skill level 5 in Stealth
 32428 | Swamp:4  | Paralysed by a hornet for 2 turns
 32438 | Swamp:4  | Reached skill level 10 in Armour
 33104 | Swamp:4  | Got a decaying rune of Zot
 33356 | Snake:1  | Entered Level 1 of the Snake Pit
 33514 | Snake:1  | Found Qeuwk's Book Boutique.
 33514 | Snake:1  | Found Koeriu's Book Shop.
 33541 | Snake:1  | Bought a book of Fire for 616 gold pieces
 33548 | Snake:1  | Learned a level 6 spell: Plasma Beam
 33582 | Snake:1  | Reached skill level 1 in Fire Magic
 33589 | Snake:1  | Noticed Jorgrun
 33616 | Snake:1  | Killed Jorgrun
 33769 | Snake:1  | Noticed Roxanne
 33797 | Snake:1  | Killed Roxanne
 34467 | Snake:1  | Reached skill level 5 in Fire Magic
 35130 | Snake:2  | Found Itemodwi's Distillery.
 35196 | Snake:2  | Found Beanu's Jewellery Emporium.
 35204 | Snake:2  | Found Inuagihisch's Distillery.
 35208 | Snake:2  | Noticed Vashnia
 35730 | Snake:2  | Killed Vashnia
 35731 | Snake:2  | Reached XP level 18. HP: 92/92 MP: 1/34
 35964 | Snake:2  | Found a transporter.
 35967 | Snake:2  | Found a transporter.
 35970 | Snake:2  | Found a bloodstained altar of Trog.
 35971 | Snake:2  | Noticed Smee's ghost (adept MiFi)
 36145 | Snake:2  | Found Rihinagro's Distillery.
 36389 | Snake:2  | Reached skill level 10 in Fire Magic
 37506 | Snake:4  | Entered Level 4 of the Snake Pit
 38139 | Snake:4  | Found a one-way gate to the infinite horrors of the Abyss.
 38141 | Snake:4  | Found a corrupted altar of Lugonu.
 38179 | Snake:4  | Reached skill level 15 in Conjurations
 39297 | Snake:4  | Noticed Aizul
 39376 | Snake:4  | Killed Aizul
 39892 | Snake:4  | Reached XP level 19. HP: 77/99 MP: 3/35
 40343 | Snake:4  | Got a serpentine rune of Zot
 40435 | Snake:4  | Found Ijeitor's Book Boutique.
 40436 | Snake:4  | Found Ijitiaq's Jewellery Emporium.
 40437 | Snake:4  | Found Zawumupsa's Book Boutique.
 40447 | Snake:4  | Bought a Grand Grimoire for 544 gold pieces
 41127 | Elf:1    | Entered Level 1 of the Elven Halls
 41561 | Elf:1    | Found an ancient bone altar of Kikubaaqudgha.
 41620 | Elf:1    | Reached skill level 15 in Summonings
 42152 | Elf:1    | Found Xatymn Buec's Antique Armour Shop.
 42598 | Elf:1    | Paralysed by an air elemental for 1 turns
 42613 | Elf:1    | Paralysed by an air elemental for 1 turns
 42627 | Elf:1    | Paralysed by an air elemental for 1 turns
 43091 | D:10     | You paid a toll of 14 scrolls of teleportation to enter a
                  | treasure trove
 43092 | Trove    | Entered a treasure trove
 43097 | Trove    | Identified the +6 hand axe of Xuaduabi {freeze, rElec rC+
                  | Str+4 SInv Stlth-}
 43111 | Trove    | Identified the +0 hand axe "Cimis" {drain, rF+ rN+ Int+4}
 43112 | Trove    | Identified the +5 mace of Ashenzari, Mashing {drain, Str+4}
 43122 | Trove    | Identified the +5 short sword "Egg" {distort, Str+3 Stlth+}
 43124 | Trove    | Identified the +2 short sword of Success {distort, +Blink
                  | rPois Dex+3}
 43134 | Trove    | Identified the +5 hand axe "Icufassio" {protect, rElec
                  | rF+++ Will- Stlth-}
 43789 | Elf:1    | Noticed Frances
 43832 | Elf:1    | Killed Frances
 44287 | Elf:2    | Learned a level 8 spell: Summon Horrible Things
 44856 | Elf:2    | Found a runed translucent gate.
 44856 | Elf:2    | Found a runed translucent gate.
 44857 | Elf:2    | Found a runed translucent gate.
 44858 | Elf:2    | Noticed rrossfarrar's ghost (adept FeBe)
 44860 | Elf:2    | Found an iron altar of Okawaru.
 45227 | Elf:2    | Found a runed translucent gate.
 45229 | Elf:2    | Found a runed translucent gate.
 45234 | Elf:2    | Found a runed translucent gate.
 45656 | Elf:2    | Reached XP level 20. HP: 103/103 MP: 15/37
 45964 | Elf:2    | HP: 2/103 [+5 glaive of freezing (4)]
 45964 | Elf:2    | Killed by an exploding ball lightning

Illustrated notes

Levels and vault maps discovered:
D:1:      minmay_arrival_five_plusses, layout_loops_ring, hangedman_decor_push,
          supply_closet_lemuel
D:2:      layout_loops_ring
D:3:      layout_basic, mainiacjoe_overflow_paths, nicolae_xom_altar_mimics,
          minmay_quadrilaterals
D:4:      layout_loops_ring, chequers_temple_overflow_statue_of_worship,
          lightli_ossuary_entry_decrepit_ruins
D:5:      layout_basic, old_standard_altar, portal_sewer_entry_f
D:6:      layout_rooms, temple_statues, uniq_duvessa
D:7:      layout_loops_ring, uniq_crazy_yiuf_cottage
D:8:      layout_basic, kennysheep_windowed_goal
D:9:      layout_rooms, nemelex_xobeh_ov_fountains_minmay,
          minmay_orc_entry_temple_small, serial_shops, shop, minmay_three_doors
D:10:     layout_stronghold, amcnicky_altar_gilded,
          mainiacjoe_overflow_divided_tiny, nicolae_trove_entry_diagonal,
          minmay_misc_feat_secret_circle
D:11:     layout_rooms, minmay_lair_entry_grove, minivault_15, fedhas_altar_2
D:12:     layout_loops_cross, nicolae_lava_and_water
D:13:     layout_irregular_city, portal_ice_cave_entry_pillars_2,
          small_chamber_with_monster
D:14:     layout_roguey, lightli_vaults_fourway_checkpoint,
          minmay_misc_feat_nine_boxes
D:15:     hangedman_depths_entry_civil_slaughter, layout_grid_maze,
          nicolae_gozag_seed_capital
Temple:   nicolae_temple_ecumenical_triangle
Lair:1:   layout_chaotic_city, grunt_megastairs_1
Lair:2:   layout_regular_city, minmay_swamp_entry_reptiles,
          minmay_snake_entry_guardpost_small, beast_lair_carwin_10,
          grunt_megastairs_4, infiniplex_staircase_pool_2
Lair:3:   layout_roguey
Lair:4:   layout_cave_pods, slime_entry_2, serial_bayou_pond_d
Lair:5:   cheibrodos_lair_end_hotspot, layout_cave_pods, basic_altar,
          lemuel_fruit_fields
Swamp:1:  layout_basic_swamp, evilmike_swamp_ruin_house_2, swamp_pool1,
          uniq_nikola
Swamp:2:  layout_falls_marsh, evilmike_swamp_ruin_house_1, swamp_pool1,
          nicolae_swamp_nymph_family_reunion
Swamp:3:  layout_basic_swamp, hangedman_swamp_pad
Swamp:4:  swamp_basic_johnstein, layout_basic_swamp, uniq_mlioglotl
Snake:1:  layout_onion, st_stairs_2, minmay_shoptagon, uniq_jorgrun,
          uniq_roxanne
Snake:2:  layout_misc_corridors, serial_shops, shop,
          gammafunk_ghost_wrathful_warriors, corexii_hall_statues_s,
          nicolae_snake_salamander_stairs, minmay_shop_star, uniq_vashnia
Snake:3:  layout_rooms
Snake:4:  snake_pit, layout_layer_cave, amcnicky_altar_lugonu_corruption,
          minmay_shop_grove, serial_bayou_shore_a, uniq_aizul
Orc:1:    layout_diamond_mine, uniq_fannar
Orc:2:    st_orc_rangers, layout_diamond_mine, serial_shops, shop
Elf:1:    minmay_elf_crystal_hexagon, layout_loops_corners, special_room
          [special_room_mythical_zoo], basic_altar, serial_shops,
          nicolae_shop_tiny_statue_garden, evilmike_minifort,
          grunt_ministairs_11, uniq_frances
Elf:2:    nicolae_elf_blades_splatter_lattice
          [nicolae_vaults_blade_armed_guards], layout_loops_cross,
          gammafunk_ghost_fury_of_okawaru

Skill      XL: |  1  2  3  4  5  6  7  8  9 10 11 12 13 14 15 16 17 18 19 |
---------------+----------------------------------------------------------+-----
Conjurations   | 2 3 4 5 7 8 10 11 12 13 14 15 | 15.3
Air Magic      | 5 6 7 9 11 13 14 16 17 18 | 18.5
Spellcasting   | 3 4 5 7 8 9 10 11 12 | 12.0
Short Blades   | 1 3 4 5 |  5.2
Dodging        | 4 5 6 7 8 9 10 11 | 11.7
Fighting       | 1 2 4 5 6 7 8 9 |  9.1
Stealth        | 3 4 5 |  5.6
Armour         | 1 2 4 5 6 8 9 10 11 | 11.0
Translocations | 2 3 4 |  4.0
Invocations    | 2 3 4 5 |  5.0
Staves         | 2 4 5 6 |  6.1
Evocations     | 2 4 6 |  6.2
Summonings     | 1 4 6 8 11 12 13 18 | 18.7
Shields        | 2 5 6 7 |  7.0
Fire Magic     | 8 10 | 10.4

Action                     |  1- 3 |  4- 6 |  7- 9 | 10-12 | 13-15 | 16-18 | 19-21 || total
---------------------------+-------+-------+-------+-------+-------+-------+-------++-------
  Melee: Kick              |     2 |     2 |    19 |    32 |   118 |    67 |    24 ||   264
         Peck              |     1 |     2 |     9 |    10 |    81 |    41 |     8 ||   152
         Unarmed           |     1 |       |       |       |       |       |       ||     1
         Spear             |    11 |    27 |       |       |       |       |       ||    38
         Punch             |       |     1 |     1 |       |     7 |       |       ||     9
         Short sword       |       |     6 |    87 |     8 |       |       |       ||   101
         Dagger            |       |       |       |    31 |       |       |     6 ||    37
         Staff             |       |       |       |    47 |   268 |   187 |    57 ||   559
         Rapier            |       |       |       |       |    25 |       |     2 ||    27
  Throw: Throwing net      |       |       |       |       |       |       |     1 ||     1
   Cast: Shock             |    71 |    54 |    42 |    39 |    19 |       |       ||   225
         Static Discharge  |       |    13 |    58 |    47 |    65 |     3 |       ||   186
         Airstrike         |       |       |    45 |   166 |   301 |   357 |   151 ||  1020
         Iskenderun's Myst |       |       |       |     9 |    24 |     2 |     2 ||    37
         Summon Lightning  |       |       |       |       |    41 |    17 |     3 ||    61
         Conjure Ball Ligh |       |       |       |       |    11 |    37 |     8 ||    56
         Plasma Beam       |       |       |       |       |       |    48 |    18 ||    66
         Summon Cactus Gia |       |       |       |       |       |     3 |     3 ||     6
 Invoke: Recall Ancestor   |       |       |     2 |     5 |    18 |    12 |     3 ||    40
         Ancestor Identity |       |       |     1 |       |       |       |       ||     1
         Ancestor Life: Ba |       |       |       |     1 |       |       |       ||     1
  Evoke: Wand              |       |       |       |       |     4 |     8 |     3 ||    15
         Phial of floods   |       |       |       |       |       |     1 |     1 ||     2
    Use: Scroll            |       |     9 |     5 |     8 |     8 |     2 |     3 ||    35
         Potion            |       |       |       |     3 |     1 |     2 |     1 ||     7
   Stab: Sleeping          |       |     2 |       |     2 |     1 |     2 |     1 ||     8
         Distracted        |       |       |     1 |     1 |     4 |     5 |     1 ||    12
         Paralysed         |       |       |       |       |     2 |       |       ||     2
 Armour: Robe              |     1 |     8 |    39 |     9 |       |       |       ||    57
         Leather armour    |       |       |     5 |       |       |     7 |       ||    12
         Ring mail         |       |       |       |    18 |   153 |    81 |    39 ||   291
  Dodge: Dodged            |     9 |    34 |    83 |   120 |   467 |   314 |   101 ||  1128
  Block: Buckler           |       |       |       |       |       |   124 |    41 ||   165
